 Seeded DCSS version 0.30-a0-918-g0ff054e9dc (webtiles) character file.

Game seed: 13555036537017109050 (custom seed)

34475 GigaChad the Cleaver (level 14, -1/115 HPs)
             Began as a Formicid Fighter on Mar 21, 2023.
             Slain by a ten-headed hydra (2 damage)
             ... on level 4 of the Lair of Beasts.
             The game lasted 00:19:56 (13026 turns).

GigaChad the Cleaver (Formicid Fighter)            Turns: 13026, Time: 00:19:57

Health: -1/115     AC: 34    Str: 28    XL:     14   Next: 13%
Magic:  7/7        EV:  8    Int:  8    God:
Gold:   992        SH: 13    Dex: 19    Spells: 13/13 levels left

rFire   x . .      SeeInvis +    l - +8 Wrath of Trog {antimagic, *Rage Rampage}
rCold   . . .      Faith    .    g - +0 kite shield
rNeg    . . .      Spirit   .    e - +7 crystal plate armour "Qovubbi" {+Blink rPois rF- rCorr Stlth-}
rPois   +          Reflect  .    (helmet unavailable)
rElec   +          Rampage  +    (no cloak)
rCorr   +                        p - +1 pair of gloves of the Five Knives {rElec MP+9 Str+2}
Will    +....                    (no boots) Stlth
                                 h - amulet of the acrobat
HPRegen 0.39/turn                y - +4 ring of protection
MPRegen 0.10/turn                z - +6 ring of dexterity

@: no status effects
A: permanent stasis, dig shafts and tunnels, antennae 3, four strong arms
a: Dig, Shaft Self


You were on level 4 of the Lair of Beasts.
You visited 2 branches of the dungeon, and saw 16 of its levels.

You collected 992 gold pieces.

Inventory:

Hand Weapons
 a - a +0 war axe
 l - the +8 Wrath of Trog (weapon) {antimagic, *Rage Rampage}
   (You acquired it on level 2 of the Dungeon)

   It causes slowness and exhaustion when equipped.
   It extends the wielder's berserk rage when killing foes.
   *Rage:     It berserks you when you make melee attacks (+50% chance).
   Rampage:   It bestows one free step when moving towards enemies.
 w - a +1 spear of flaming
 L - a +0 demon whip of venom
 T - a +2 spectral quarterstaff
 V - a +5 eveningstar of venom
Missiles
 n - 4 throwing nets
Armour
 b - a +0 scale mail
 c - a +0 buckler
 e - the +7 crystal plate armour "Qovubbi" (worn) {+Blink rPois rF- rCorr Stlth-}
   (You acquired it on level 2 of the Dungeon)

   rF:        It makes you vulnerable to fire.
   rPois:     It protects you from poison.
   +Blink:    It lets you blink.
   rCorr:     It protects you from acid and corrosion.
   Stlth:     It makes you less stealthy.
 g - a +0 kite shield (worn)
 p - the +1 pair of gloves of the Five Knives (worn) {rElec MP+9 Str+2}
   (You acquired it on level 2 of the Dungeon)

   Str:       It affects your strength (+2).
   rElec:     It insulates you from electricity.
   MP:        It affects your magic capacity (+9).
Jewellery
 h - an amulet of the acrobat (around neck)
 u - a ring of magical power
 y - a +4 ring of protection (left hand)
 z - a +6 ring of dexterity (right hand)
 G - a ring of ice
 Q - an amulet of regeneration
 R - the ring of Jasa {Fly rN+++ Str-5 Dex+3}
   (You found it on level 10 of the Dungeon)

   [ring of flight]

   Str:       It affects your strength (-5).
   Dex:       It affects your dexterity (+3).
   rN:        It renders you almost immune to negative energy.
   Fly:       It grants you flight.
 S - a ring of fire
 Y - a +6 ring of dexterity
Wands
 m - a wand of roots (43)
 x - a wand of mindburst (9)
 E - a wand of polymorph (10)
 I - a wand of acid (13)
 N - a wand of paralysis (11)
Scrolls
 i - a scroll of magic mapping
 r - 4 scrolls of immolation
 v - 4 scrolls of vulnerability
 B - 2 scrolls of fog
 D - 2 scrolls of enchant weapon
 F - 3 scrolls of noise
 H - 2 scrolls of amnesia
 J - a scroll of summoning
 K - 3 scrolls of fear
 O - 4 scrolls of poison
 U - a scroll of brand weapon
Potions
 d - 2 potions of might
 f - 10 potions of curing
 j - 3 potions of haste
 k - 5 potions of heal wounds
 o - 4 potions of degeneration
 q - a potion of mutation
 s - 3 potions of attraction
 t - 5 potions of flight
 A - a potion of lignification {unknown}
 C - 2 potions of magic {unknown}
 M - 2 potions of brilliance {unknown}
 P - 3 potions of cancellation {unknown}
 W - 2 potions of invisibility {unknown}
Miscellaneous
 X - a phial of floods


   Skills:
 * Level 12.0 Fighting
 + Level 14.6 Axes
 * Level 11.0 Armour
 * Level 7.5 Dodging
 * Level 11.5 Shields


You had 13 spell levels left.
You didn't know any spells.
Your spell library contained the following spells:

 Spells                   Type           Power      Damage    Failure   Level
 Apportation              Tloc           0%         N/A       100%        1
 Magic Dart               Conj           0%         1d3       100%        1
 Necrotise                Necr           0%         1d4       100%        1
 Summon Small Mammal      Summ           0%         N/A       100%        1
 Call Imp                 Summ           0%         N/A       100%        2
 Searing Ray              Conj           0%         2d4       100%        2
 Call Canine Familiar     Summ           0%         N/A       100%        3
 Kindle Blastsparks       Fire/Tloc/Air  0%         2d10      100%        3
 Mephitic Cloud           Conj/Pois/Air  0%         N/A       100%        3
 Summon Guardian Golem    Hex/Summ       0%         N/A       100%        3
 Vampiric Draining        Necr           0%         2d6       100%        3
 Fulminant Prism          Conj/Hex       0%         3d5       100%        4
 Iskenderun's Mystic Bla  Conj/Tloc      0%         2d3       100%        4
 Agony                    Necr           0%         N/A       100%        5
 Lee's Rapid Deconstruct  Erth           0%         3d4*      100%        5


Dungeon Overview and Level Annotations

Branches:
Dungeon (11/15)              Lair (5/5) D:9          Shoals (0/4) Lair:3
  Snake (0/4) Lair:3        Slime (0/5) Lair:4
 Temple: D:4-7          Orc: D:9-12

Altars:
Cheibriados
Fedhas
Gozag
Kikubaaqudgha
Yredelemnul
Zin
The Shining One

Shops:
D:4 [   D:8 :

Portals:
Abyss: D:7

Annotations:
D:7 2 transporters, AverageBear's ghost, novice OpFi


Innate Abilities, Weirdness & Mutations

You cannot be hasted, slowed, berserked, paralysed or teleported.
You can dig through walls and to a lower floor.
You have a pair of large antennae on your head. (SInv)
Your four strong arms can wield two-handed weapons with a shield.


Message History

The nine-headed hydra bites you but does no damage. x4
The nine-headed hydra bites you.
* * * LOW HITPOINT WARNING * * *
The nine-headed hydra barely misses you. x2
You block the yak's attack. You block the komodo dragon's attack.
The water moccasin bites you.
* * * LOW HITPOINT WARNING * * *
You are too injured to fight recklessly!
You are too injured to fight recklessly!
You are too injured to fight recklessly!
Unknown command.
You slice one of the nine-headed hydra's heads off!
The eight-headed hydra grows two more!
You slash the ten-headed hydra!
The ten-headed hydra is lightly wounded.
You completely miss the yak. You hit the komodo dragon.
You barely miss the water moccasin.
The water moccasin bites you but does no damage.
You block the ten-headed hydra's attack.
The ten-headed hydra bites you but does no damage.
The ten-headed hydra bites you!
* * * LOW HITPOINT WARNING * * *
The ten-headed hydra bites you but does no damage.
You block the ten-headed hydra's attack.
The ten-headed hydra barely misses you.
You block the ten-headed hydra's attack.
The ten-headed hydra bites you but does no damage. x2
The ten-headed hydra bites you.
* * * LOW HITPOINT WARNING * * *
The yak gores you but does no damage. You block the komodo dragon's attack.
You block the ten-headed hydra's attack.
The ten-headed hydra bites you but does no damage.
The ten-headed hydra closely misses you.
The ten-headed hydra bites you!
* * * LOW HITPOINT WARNING * * *
The ten-headed hydra bites you but does no damage.
The ten-headed hydra bites you!
* * * LOW HITPOINT WARNING * * *
The ten-headed hydra bites you but does no damage.
The ten-headed hydra bites you.
You die...

..........# ##.................
..........### #........P...#..>..
............###........P.........
...........###..................#
...........###.........#.|....#..
...........##....................
...........#P..........#.........
........)......†Dl.....###.......
.........P###..Y@†....## #.P#....
.#..########.....S.....# ######P.
....##### #..........P## ##.
.....#..# #P...........# ##
........# ###.......P.P# #P
........# #P.#....##..### ###
.......## ####..#####..P#### #..
.......## ##.# #..##P.###..
........## ### #...........


You could see a ten-headed hydra, a komodo dragon, a yak and a water moccasin.

Vanquished Creatures
  Gastronok (Lair:1)
  Kirke (Lair:3)
  Erica (D:8)
  8 death yaks (Lair:4)
  A two-headed ogre (D:11)
  A centaur warrior (D:10)
  Urug (Lair:3)
  Sonja (Lair:3)
  Amaemon (D:8)
  A wizard (D:10)
  6 centaur zombies (D:10)
  An orange demon (D:8)
  12 cane toads
  Maggie (D:7)
  An unseen horror (D:10)
  4 rime drakes
  2 unseen horror zombies (D:10)
  4 komodo dragons
  A troll (D:10)
  4 polar bears
  7 blink frogs
  A meliai zombie (D:10)
  6 dream sheep (Lair:3)
  3 vampires (D:10)
  11 wraiths
  3 shadows (D:10)
  16 yaks
  6 wyverns
  A basilisk (Lair:2)
  6 hogs (Lair:3)
  2 nagas (Lair:3)
  5 water moccasins
  2 swamp worms (Lair:3)
  3 orc warriors
  5 black bears
  A sky beast (D:7)
  3 ice beasts
  An ogre (D:5)
  5 centaurs
  2 phantoms
  A kobold brigand (D:9)
  7 bullfrogs
  3 scorpions (D:6)
  3 gnoll sergeants
  3 wights (D:8)
  3 killer bees (D:9)
  An electric eel (Lair:2)
  5 howler monkeys
  3 jellies (Lair:4)
  8 orc priests
  A gnoll bouda (D:5)
  2 hounds
  5 iguanas
  Natasha (thrice) (D:2)
  4 orc wizards
  Robin (D:4)
  6 adders
  25 gnolls
  A white imp (D:8)
  2 ufetubi
  3 worms
  5 dart slugs
  34 orcs
  3 ball pythons
  7 endoplasms
  3 giant cockroaches
  16 goblins
  8 hobgoblins
  7 jackals (D:4)
  3 quokkas (D:2)
  7 bats
  5 frilled lizards
  11 kobolds
  6 rats
  A spectral orc (D:5)
348 creatures vanquished.

Vanquished Creatures (others)
  A human (Lair:3)
  14 fungi
  43 plants
58 creatures vanquished.

Grand Total: 406 creatures vanquished

Notes
Turn   | Place    | Note
-------+----------+-------------------------------------------
     0 | D:1      | GigaChad the Formicid Fighter began the quest for the Orb.
     0 | D:1      | Reached XP level 1. HP: 18/18 MP: 1/1
   281 | D:1      | Reached XP level 2. HP: 24/24 MP: 2/2
   824 | D:2      | Reached XP level 3. HP: 26/29 MP: 3/3
   824 | D:2      | Identified 2 scrolls of acquirement
   824 | D:2      | Acquired the +8 Wrath of Trog {antimagic, *Rage Rampage}
   824 | D:2      | Found the +8 Wrath of Trog {antimagic, *Rage Rampage}
   836 | D:2      | Acquired the +7 crystal plate armour "Qovubbi" {+Blink
                  | rPois rF- rCorr Stlth-}
   874 | D:2      | Reached skill level 3 in Axes
   874 | D:2      | Reached XP level 4. HP: 32/35 MP: 1/4
   917 | D:2      | Acquired the +1 pair of gloves of the Five Knives {rElec
                  | MP+9 Str+2}
  1248 | D:2      | Noticed Natasha
  1251 | D:2      | Killed Natasha
  1252 | D:2      | Reached XP level 5. HP: 42/42 MP: 4/5
  1374 | D:2      | Noticed Natasha
  1380 | D:2      | Killed Natasha
  1400 | D:2      | Noticed Natasha
  1413 | D:2      | Killed Natasha
  1414 | D:2      | Reached skill level 4 in Axes
  2101 | D:3      | Reached XP level 6. HP: 48/48 MP: 5/6
  2328 | D:4      | Reached skill level 5 in Axes
  2656 | D:4      | Noticed Robin
  2662 | D:4      | Killed Robin
  2850 | D:4      | Found Haida's Dragon-Slaying Spoils.
  2904 | D:5      | Entered Level 5 of the Dungeon
  2919 | D:5      | Reached XP level 7. HP: 54/54 MP: 5/7
  3058 | D:5      | Reached skill level 6 in Axes
  3546 | D:5      | Found a basalt altar of Yredelemnul.
  3899 | D:6      | Reached XP level 8. HP: 61/61 MP: 5/8
  3905 | D:6      | Reached skill level 5 in Fighting
  3905 | D:6      | Reached skill level 7 in Axes
  3905 | D:6      | Reached skill level 5 in Armour
  4026 | D:6      | Reached skill level 5 in Shields
  4029 | D:6      | Reached skill level 1 in Dodging
  4381 | D:6      | Reached XP level 9. HP: 40/68 MP: 6/9
  4389 | D:6      | Reached skill level 8 in Axes
  4785 | D:7      | Found a transporter.
  4805 | D:7      | Found a transporter.
  4870 | D:7      | Noticed Maggie
  4880 | D:7      | Killed Maggie
  5435 | D:7      | Found a one-way gate to the infinite horrors of the Abyss.
  5435 | D:7      | Noticed AverageBear's ghost (novice OpFi)
  5435 | D:7      | Noticed a purple ugly thing
  5461 | D:8      | Reached skill level 9 in Axes
  5486 | D:8      | Noticed Amaemon
  5489 | D:8      | Noticed an orange demon
  5499 | D:8      | Killed Amaemon
  5500 | D:8      | Reached XP level 10. HP: 40/77 MP: 6/10
  5502 | D:8      | Killed an orange demon
  5569 | D:8      | Noticed Erica
  5579 | D:8      | Killed Erica
  5580 | D:8      | Reached skill level 10 in Axes
  5937 | D:8      | Found Ruafryfu's Book Shop.
  6110 | D:8      | Found a blossoming altar of Fedhas.
  6110 | D:8      | Found a faded altar of an unknown god.
  6119 | D:8      | Found a faded altar of an unknown god.
  6121 | D:8      | Found an ancient bone altar of Kikubaaqudgha.
  6123 | D:8      | Found a glowing silver altar of Zin.
  6250 | D:8      | Found a snail-covered altar of Cheibriados.
  6353 | D:9      | Found an opulent altar of Gozag.
  6402 | D:9      | Reached XP level 11. HP: 85/86 MP: 6/11
  6476 | D:9      | Reached skill level 11 in Axes
  6702 | D:9      | Found a staircase to the Lair.
  6942 | D:10     | Entered Level 10 of the Dungeon
  7123 | D:10     | Noticed a centaur warrior
  7123 | D:10     | Noticed a wizard
  7129 | D:10     | Killed a centaur warrior
  7130 | D:10     | Reached skill level 5 in Dodging
  7133 | D:10     | Killed a wizard
  7158 | D:10     | Identified the ring of Jasa {Fly rN+++ Str-5 Dex+3}
  7265 | D:10     | Reached skill level 12 in Axes
  7505 | D:10     | Reached XP level 12. HP: 73/95 MP: 7/12
  7988 | D:10     | Found a glowing golden altar of the Shining One.
  8333 | D:11     | Noticed a two-headed ogre
  8341 | D:11     | Killed a two-headed ogre
  8492 | Lair:1   | Entered Level 1 of the Lair of Beasts
  8539 | Lair:1   | Noticed Gastronok
  8547 | Lair:1   | Killed Gastronok
  8785 | Lair:1   | Reached skill level 10 in Fighting
  9351 | Lair:2   | Reached skill level 10 in Shields
  9429 | Lair:2   | Reached skill level 13 in Axes
  9957 | Lair:2   | Reached XP level 13. HP: 104/104 MP: 7/13
  9979 | Lair:2   | Reached skill level 10 in Armour
 10189 | Lair:3   | Noticed Sonja
 10201 | Lair:3   | Killed Sonja
 10363 | Lair:3   | Found a staircase to the Snake Pit.
 10509 | Lair:3   | Noticed Urug
 10516 | Lair:3   | Killed Urug
 10694 | Lair:3   | Found a staircase to the Shoals.
 10888 | Lair:3   | Noticed Kirke
 10902 | Lair:3   | Killed Kirke
 10909 | Lair:3   | Reached skill level 14 in Axes
 11891 | Lair:4   | Found a staircase to the Slime Pits.
 12502 | Lair:5   | Entered Level 5 of the Lair of Beasts
 12504 | Lair:5   | Noticed a four-headed hydra
 12525 | Lair:4   | Reached XP level 14. HP: 25/114 MP: 7/14
 13026 | Lair:4   | HP: 1/115 [ten-headed hydra (8)]
 13026 | Lair:4   | Slain by a ten-headed hydra

Illustrated notes

Levels and vault maps discovered:
D:1:      dpeg_arrival_water_fire, layout_basic
D:2:      layout_basic, hex_large, reono_crystal_passage, st_stairs_2,
          minmay_tromino_v7, uniq_natasha
D:3:      layout_basic
D:4:      kennysheep_goblin_castle, layout_rooms, lemuel_temple_firewalk_b,
          nicolae_shop_dragon_depot
D:5:      layout_loops_corners, yredelemnul_forgotten_temple_becter
D:6:      dreamdust_elfheim, layout_loops_cross, nicolae_kite_square_tiling_tiny
D:7:      layout_loops_ring, gammafunk_ghost_abyssal_escape,
          corexii_hall_statues_x, uniq_maggie
D:8:      layout_rooms, chequers_temple_overflow_minitemple,
          kennysheep_slug_shrine, serial_shops, nicolae_stop_n_shop_1,
          uniq_amaemon, uniq_erica
D:9:      layout_rooms, kennysheep_mini, grunt_lair_entry_orc_guard_hut,
          grunt_decor_cap
D:10:     layout_gridville, tso_oasis_becter, serial_undead, serial_undead_e,
          serial_undead_d, serial_undead_d, serial_undead_e, serial_undead_a,
          serial_undead_d, minmay_radiant
D:11:     layout_stronghold, hiddenorc2_lemuel, gauntlet_entry_generic
Lair:1:   layout_cave_pods, uniq_gastronok
Lair:2:   layout_cave_pods, gammafunk_lair_bear_cave, lemuel_fruit_fields,
          serial_bayou_shore_b, grunt_megastairs_5
Lair:3:   layout_long_grid, minmay_shoals_entry_centaurs,
          guppyfry_snake_entry_island, cheibrodos_lair_caveside_slide,
          worms_lemuel, grunt_megastairs_2, uniq_sonja, uniq_kirke, uniq_urug
Lair:4:   layout_cave_pods, nicolae_slime_entry_slimehenge
Lair:5:   hangedman_lair_caniforms_friends, layout_cave_shapes, basic_altar

Skill      XL: |  1  2  3  4  5  6  7  8  9 10 11 12 13 14 |
---------------+-------------------------------------------+-----
Armour         | 4 5 6 7 8 9 10 11 | 11.0
Axes           | 3 4 5 6 7 9 10 12 13 14 | 14.6
Fighting       | 4 5 6 7 9 10 11 12 | 12.0
Shields        | 5 6 8 9 10 11 | 11.5
Dodging        | 1 3 4 5 6 7 |  7.5

Action                     |  1- 3 |  4- 6 |  7- 9 | 10-12 | 13-15 || total
---------------------------+-------+-------+-------+-------+-------++-------
  Melee: War axe           |    49 |       |       |       |       ||    49
         Battleaxe         |     8 |   104 |   145 |   305 |   169 ||   731
Ability: Dig               |       |       |       |       |     1 ||     1
    Use: Scroll            |     2 |     2 |     5 |       |    13 ||    22
         Potion            |       |       |       |       |     1 ||     1
   Stab: Distracted        |       |       |       |     1 |       ||     1
 Armour: Scale mail        |    21 |       |       |       |       ||    21
         Crystal plate arm |    13 |    72 |   123 |   344 |   175 ||   727
  Dodge: Dodged            |    23 |    29 |    51 |   150 |   102 ||   355
  Block: Buckler           |    17 |    20 |    39 |   131 |    49 ||   256
         Kite shield       |       |       |       |       |    59 ||    59

Table legend: (Time is in decaauts)
 A = Elapsed time spent in this place.
 B = Non-inter-level travel time spent in this place.
 C = Inter-level travel time spent in this place.
 D = Time resting spent in this place.
 E = Time spent auto-exploring this place.
 F = Levels seen in this place.
 G = Mean time per level.
                   A        B        C        D        E       F      G
               +--------+--------+--------+--------+--------+-----+--------+
         Total |  13219 |  12480 |    739 |    925 |   9497 |  16 |  826.2 |
       Dungeon |   8663 |   8041 |    622 |    448 |   6111 |  11 |  787.5 |
          Lair |   4555 |   4438 |    117 |    477 |   3386 |   5 |  911.0 |
               +--------+--------+--------+--------+--------+-----+--------+

Top non-repeatable levels by time:
  Lair:4: 1750 daAuts
    D:10: 1269 daAuts
  Lair:3: 1096 daAuts
     D:5: 1006 daAuts
     D:6: 938 daAuts
     D:8: 891 daAuts
  Lair:1: 855 daAuts
  Lair:2: 835 daAuts
     D:3: 829 daAuts
     D:2: 789 daAuts
     D:9: 768 daAuts
     D:1: 739 daAuts
     D:7: 717 daAuts
     D:4: 620 daAuts
    D:11: 93 daAuts
